 Dungeon Sprint DCSS version 0.28-a0-1387-g3a22ab9bdc (webtiles) character file.

Game seed: 6904757736486341194

118 greenreed the Conjurer (level 5, -5/41 HPs)
             Began as a Gnoll Conjurer on Jan 2, 2022.
             Killed from afar by an oklob sapling priest (34 damage)
             ... with a splash of acid
             ... in the Dungeon (Sprint IV: "Fedhas' Mad Dash").
             The game lasted 00:03:30 (1212 turns).

greenreed the Conjurer (Gnoll Conjurer)             Turns: 1212, Time: 00:03:30

Health: -5/41      AC:  2    Str:  6    XL:     5   Next: 2%
Magic:  13/13      EV: 13    Int: 19    God:
Gold:   61         SH:  0    Dex: 11    Spells: 9/15 levels left

rFire   . . .      SeeInvis .   h - +0 whip
rCold   . . .      Faith    .   (no shield)
rNeg    . . .      Spirit   .   a - +0 robe
rPois   .          Reflect  .   (no helmet)
rElec   .          Harm     .   (no cloak)
rCorr   .          Rampage  .   (no gloves)
Will    .....      NoTele   +   (no boots)
Stlth   +++.......              c - amulet of invisibility {+Inv}
HPRegen 0.13/turn               (no ring)
MPRegen 0.13/turn               (no ring)

@: no status effects
A: fangs 1, strong nose, distributed training
a: Evoke Invisibility


You were in the Dungeon.
You visited 1 branch You collected 61 gold pieces.

Inventory:

Hand Weapons
 h - a +0 whip (weapon)
Armour
 a - a +0 robe (worn)
Jewellery
 c - the amulet of invisibility (around neck) {+Inv}
   (You found it in the Dungeon)

   [amulet of nothing]

   +Inv:      It lets you turn invisible.
Scrolls
 g - a scroll of blinking
Potions
 b - a potion of resistance {unknown}
 d - a potion of haste
 e - 2 potions of magic
 f - a potion of berserk rage


   Skills:
 + Level 3.1 Fighting
 + Level 3.1 Short Blades
 + Level 3.1 Long Blades
 + Level 3.1 Axes
 + Level 3.1 Maces & Flails
 + Level 3.1 Polearms
 + Level 3.1 Staves
 + Level 3.1 Slings
 + Level 3.1 Bows
 + Level 3.1 Crossbows
 + Level 3.1 Throwing
 + Level 3.1 Armour
 + Level 5.6 Dodging
 + Level 5.2 Stealth
 + Level 3.1 Shields
 + Level 3.1 Unarmed Combat
 + Level 5.9 Spellcasting
 + Level 7.6 Conjurations
 + Level 2.5 Hexes
 + Level 2.5 Summonings
 + Level 2.5 Necromancy
 + Level 2.5 Translocations
 + Level 2.5 Transmutations
 + Level 2.5 Fire Magic
 + Level 2.5 Ice Magic
 + Level 2.5 Air Magic
 + Level 2.5 Earth Magic
 + Level 2.5 Poison Magic
 + Level 3.4 Invocations
 + Level 3.1 Evocations


You had 9 spell levels left.
You knew the following spells:

 Your Spells              Type           Power      Damage    Failure   Level
a - Magic Dart            Conj           100%       1d8       1%          1
b - Searing Ray           Conj           68%        2d6       1%          2
c - Dazzling Flash        Conj/Hex       50%        N/A       4%          3

Your spell library contained the following spells:

 Spells                   Type           Power      Damage    Failure   Level
 Fulminant Prism          Conj/Hex       12%        3d9       14%         4
 Iskenderun's Mystic Bla  Conj/Tloc      25%        2d7       14%         4


Dungeon Overview and Level Annotations

Branches:
Dungeon (1/1)

Altars:
Cheibriados
Dithmenos
Elyvilon
Gozag
Hepliaklqana
Kikubaaqudgha
Makhleb
Nemelex Xobeh
Okawaru
Qazlal
Ru
Sif Muna
Trog
Uskayaw
Wu Jian
Xom
Yredelemnul
Zin
The Shining One
Beogh
Jiyva

Annotations:
D exclusions: oklob sapling and queen bee


Innate Abilities, Weirdness & Mutations

You have very sharp teeth.
Your uncanny sense of smell can sniff out nearby items.
Your experience applies equally to all skills.


Message History

Press: ? - help, Shift-Dir - straight line, f - oklob sapling priest
Aim: an oklob sapling priest (unaware, hasn't noticed you, 100% to hit)
The searing ray hits the oklob sapling priest but does no damage. (Press . to maintain the ray.)
The oklob sapling priest looks satisfied for a moment.
The searing ray hits the oklob sapling priest.
The oklob sapling priest is lightly damaged.
The searing ray hits the oklob sapling priest.
The oklob sapling priest is lightly damaged.
The searing ray hits the oklob sapling priest but does no damage.
The oklob sapling priest is lightly damaged.
You finish channelling your searing ray.
The oklob sapling priest begins to cast a cantrip, but forgets the words!
Casting: Searing Ray (safe; 1% risk of failure)
Confirm with . or Enter, or press ? or * to list all spells.
Aiming: Searing Ray (safe; 1% risk of failure)
Press: ? - help, Shift-Dir - straight line, f/p - oklob sapling priest
Aim: an oklob sapling priest (lightly damaged, 100% to hit)
The searing ray hits the oklob sapling priest.
The oklob sapling priest is moderately damaged. (Press . to maintain the ray.)
The oklob sapling priest spits acid at you.
The splash of acid hits you!!
Ouch! That really hurt!
The acid corrodes you!
The oklob sapling priest begins to cast a cantrip, but forgets the words!
The oklob sapling priest casts a cantrip, but nothing happens.
There is an open door here.
You close the door.
You are no longer corroded.
Partly explored, can't reach some places.
You open the door.
Really walk into a travel-excluded area?
There is an open door here.
The oklob sapling priest mumbles some strange prayers to its god against you.
Something smites you!
The oklob sapling priest spits acid at you.
The splash of acid hits you!!
Ouch! That really hurt!
You die...

##########################
..P#.....#.....#.⌠._._._._
P..'.[...'†#...'@._._._._.
PPP#.....#.#...#..._._P_._
#############'##.._._._._.
y.♣........'...#._._._._._
y....♣.....#...###########
. ♣..♣..###### ∆ #+##### ∆
∆∆∆∆ ∆ ∆ ∆


You could see an oklob sapling priest.

Vanquished Creatures
  A scorpion (D)
  2 oklob saplings (D)
  A river rat (D)
  A rat (D)
5 creatures vanquished.

Notes
Turn   | Place    | Note
-------+----------+-------------------------------------------
     0 | D        | greenreed the Gnoll Conjurer began the quest for the Orb.
     0 | D        | Reached XP level 1. HP: 13/13 MP: 6/6
     7 | D        | Reached skill level 1 in Fighting
     7 | D        | Reached skill level 1 in Short Blades
     7 | D        | Reached skill level 1 in Long Blades
     7 | D        | Reached skill level 1 in Axes
     7 | D        | Reached skill level 1 in Maces & Flails
     7 | D        | Reached skill level 1 in Polearms
     7 | D        | Reached skill level 1 in Staves
     7 | D        | Reached skill level 1 in Slings
     7 | D        | Reached skill level 1 in Bows
     7 | D        | Reached skill level 1 in Crossbows
     7 | D        | Reached skill level 1 in Throwing
     7 | D        | Reached skill level 1 in Armour
     7 | D        | Reached skill level 1 in Shields
     7 | D        | Reached skill level 1 in Unarmed Combat
     7 | D        | Reached skill level 5 in Spellcasting
     7 | D        | Reached skill level 1 in Invocations
     7 | D        | Reached skill level 1 in Evocations
     7 | D        | Reached XP level 2. HP: 21/21 MP: 4/8
     9 | D        | Reached skill level 1 in Hexes
     9 | D        | Reached skill level 1 in Summonings
     9 | D        | Reached skill level 1 in Necromancy
     9 | D        | Reached skill level 1 in Translocations
     9 | D        | Reached skill level 1 in Transmutations
     9 | D        | Reached skill level 1 in Fire Magic
     9 | D        | Reached skill level 1 in Ice Magic
     9 | D        | Reached skill level 1 in Air Magic
     9 | D        | Reached skill level 1 in Earth Magic
     9 | D        | Reached skill level 1 in Poison Magic
    62 | D        | Noticed an oklob sapling
   308 | D        | Killed an oklob sapling
   309 | D        | Reached skill level 5 in Dodging
   309 | D        | Reached XP level 3. HP: 27/27 MP: 2/9
   369 | D        | Noticed a scorpion
   369 | D        | Found the amulet of invisibility {+Inv}
   383 | D        | Killed a scorpion
   384 | D        | Reached skill level 5 in Stealth
   384 | D        | Reached XP level 4. HP: 11/34 MP: 4/11
   393 | D        | Learned a level 2 spell: Searing Ray
   397 | D        | Learned a level 3 spell: Dazzling Flash
   824 | D        | Found an opulent altar of Gozag.
   824 | D        | Found a hazy altar of Hepliaklqana.
   824 | D        | Found a burning altar of Makhleb.
   824 | D        | Found a sparkling altar of Nemelex Xobeh.
   824 | D        | Found a snail-covered altar of Cheibriados.
   824 | D        | Found a sacrificial altar of Ru.
   824 | D        | Found a shimmering blue altar of Sif Muna.
   824 | D        | Found a shimmering altar of Xom.
   824 | D        | Found a basalt altar of Yredelemnul.
   825 | D        | Found a viscous altar of Jiyva.
   825 | D        | Found a bloodstained altar of Trog.
   825 | D        | Found an ornate altar of the Wu Jian Council.
   825 | D        | Noticed an oklob sapling priest
   832 | D        | Reached XP level 5. HP: 41/41 MP: 7/13
   836 | D        | Found an iron altar of Okawaru.
   836 | D        | Found a shadowy altar of Dithmenos.
   836 | D        | Found a glowing silver altar of Zin.
   837 | D        | Found an ancient bone altar of Kikubaaqudgha.
   837 | D        | Found a hide-covered altar of Uskayaw.
  1015 | D        | Noticed a queen bee
  1031 | D        | Found a stormy altar of Qazlal.
  1031 | D        | Found a white marble altar of Elyvilon.
  1031 | D        | Found a glowing golden altar of the Shining One.
  1212 | D        | Killed from afar by an oklob sapling priest

Illustrated notes

Levels and vault maps discovered:
D:        dungeon_sprint_fedhas [sprint_temple]

Skill      XL: |  1  2  3  4 |
---------------+-------------+-----
Fighting       | 1 2 3 |  3.1
Short Blades   | 1 2 3 |  3.1
Long Blades    | 1 2 3 |  3.1
Axes           | 1 2 3 |  3.1
Maces & Flails | 1 2 3 |  3.1
Polearms       | 1 2 3 |  3.1
Staves         | 1 2 3 |  3.1
Slings         | 1 2 3 |  3.1
Bows           | 1 2 3 |  3.1
Crossbows      | 1 2 3 |  3.1
Throwing       | 1 2 3 |  3.1
Armour         | 1 2 3 |  3.1
Shields        | 1 2 3 |  3.1
Unarmed Combat | 1 2 3 |  3.1
Spellcasting   | 5 |  5.9
Invocations    | 1 2 3 |  3.4
Evocations     | 1 2 3 |  3.1
Hexes          | 1 2 |  2.5
Summonings     | 1 2 |  2.5
Necromancy     | 1 2 |  2.5
Translocations | 1 2 |  2.5
Transmutations | 1 2 |  2.5
Fire Magic     | 1 2 |  2.5
Ice Magic      | 1 2 |  2.5
Air Magic      | 1 2 |  2.5
Earth Magic    | 1 2 |  2.5
Poison Magic   | 1 2 |  2.5
Dodging        | 5 |  5.6
Stealth        | 5 |  5.2
Conjurations   | |  7.6

Action                   |  1- 3 |  4- 6 || total
-------------------------+-------+-------++-------
 Cast: Magic Dart        |    17 |       ||    17
       Searing Ray       |       |     3 ||     3
  Use: Potion            |     1 |     1 ||     2
Dodge: Dodged            |     8 |       ||     8

Table legend: (Time is in decaauts)
 A = Elapsed time spent in this place.
 B = Non-inter-level travel time spent in this place.
 C = Inter-level travel time spent in this place.
 D = Time resting spent in this place.
 E = Time spent auto-exploring this place.
 F = Levels seen in this place.
 G = Mean time per level.
                   A        B        C        D        E       F      G
               +--------+--------+--------+--------+--------+-----+--------+
         Total |   1211 |   1211 |      0 |      0 |   1092 |   1 | 1211.0 |
       Dungeon |   1211 |   1211 |      0 |      0 |   1092 |   1 | 1211.0 |
               +--------+--------+--------+--------+--------+-----+--------+

Top non-repeatable levels by time:
       D: 1211 daAuts
